 Dungeon Sprint DCSS version 0.29.1-12-g30fa7ad0bf (webtiles) character file.

Game seed: 18194311896157332661

923 boopmooplesden the Carver (level 7, -6/78 HPs)
             Began as a Minotaur Berserker on Dec 18, 2022.
             Was an Elder of Trog.
             Mangled by a flying skull (10 damage)
             ... while paralysed
             ... in the Dungeon (Sprint II: "The Violet Keep of Menkaure").
             The game lasted 00:00:44 (456 turns).

boopmooplesden the Carver (Minotaur Berserker)       Turns: 456, Time: 00:00:45

Health: -6/78      AC:  2    Str: 23      XL:     7   Next: 84%
Magic:  6/6        EV:  2    Int:  0 (4)  God:    Trog [****..]
Gold:   486        SH:  0    Dex: 10      Spells: 6/6 levels left

rFire   . . .      SeeInvis .   a - +0 falchion
rCold   . . .      Faith    .   (no shield)
rNeg    . . .      Spirit   .   b - +0 animal skin
rPois   .          Reflect  .   (helmet restricted)
rElec   .          Harm     .   (no cloak)
rCorr   .          Rampage  .   (no gloves)
Will    .....      NoTele   +   (no boots)
Stlth   +.........              (no amulet)
HPRegen 0.23/turn               (no ring)
MPRegen 0.10/turn               (no ring)

@: paralysed, on berserk cooldown, slowed, lost intelligence, unable to read
A: horns 2, retaliatory headbutt, screaming 1, no potion heal 1
a: Renounce Religion, Berserk, Trog's Hand, Brothers in Arms


You were in the Dungeon.
You worshipped Trog.
Trog was greatly pleased with you.
You visited 1 branch You collected 486 gold pieces.

Inventory:

Hand Weapons
 a - a +0 falchion (weapon)
Armour
 b - a +0 animal skin (worn)
Scrolls
 h - a scroll of blinking
Potions
 c - a potion of curing
 d - a potion of heal wounds
 e - a potion of haste
 f - 2 potions of magic
 g - a potion of berserk rage


   Skills:
 + Level 12.8 Fighting
 + Level 13.6 Long Blades
 + Level 6.8 Armour
 + Level 7.1 Dodging


You had 6 spell levels left.
You didn't know any spells.
Your spell library was empty.

Dungeon Overview and Level Annotations

Branches:
Dungeon (1/1)

Altars:


Innate Abilities, Weirdness & Mutations

You have a pair of horns on your head.
You reflexively headbutt those who attack you in melee.
You occasionally shout uncontrollably at your foes.
Potions are less effective at restoring your health.


Message History

The flying skull is lightly damaged.
You feel the effects of Trog's Hand fading.
The flying skull misses you.
You miss the flying skull. You headbutt the flying skull.
The flying skull is lightly damaged.
The flying skull closely misses you. The flying skull hits you!
You hit the flying skull.
The flying skull is moderately damaged.
The flying skull completely misses you.
You hit the flying skull.
The flying skull is heavily damaged.
The flying skull closely misses you. You furiously retaliate!
You headbutt the flying skull. The flying skull barely misses you.
You furiously retaliate!
You headbutt the flying skull.
You hit the flying skull but do no damage.
Your headbutt misses the flying skull.
The flying skull is severely damaged.
The flying skull closely misses you. You furiously retaliate!
You headbutt the flying skull, but do no damage.
You barely miss the flying skull.
The flying skull is severely damaged.
Your skin stops crawling.
You feel less strong-willed. The flying skull closely misses you.
You closely miss the flying skull.
The flying skull is severely damaged.
The flying skull hits you. The flying skull closely misses you.
You barely miss the flying skull.
The flying skull is severely damaged.
The neqoxec gestures at you.
You feel dopey.
You have lost your intelligence.
Something feeds on your intellect! The flying skull hits you.
The flying skull hits you but does no damage.
The flying skull hits you!
* * * LOW HITPOINT WARNING * * *
The flying skull hits you.
* * * LOW HITPOINT WARNING * * *
The flying skull hits you!
* * * LOW HITPOINT WARNING * * *
The flying skull hits you!
You die...

##+##
##...##
#..#..#
##.).####
##'###.##
##.##...#
+.<.'.#
##@##...#
##z###.##
##3## ##
#z##
##.3.#
#3## ~~3


zz' .≈.# You could see a neqoxec and 2 flying skulls.

Vanquished Creatures
  A merfolk siren (D)
  2 neqoxecs (D)
  Menkaure (D)
  A water moccasin (D)
  4 necrophages (D)
9 creatures vanquished.

Notes
Turn   | Place    | Note
-------+----------+-------------------------------------------
     0 | D        | boopmooplesden the Minotaur Berserker began the quest for
                  | the Orb.
     0 | D        | Reached XP level 1. HP: 19/19 MP: 0/0
     1 | D        | Noticed a necrophage
     1 | D        | Noticed a necrophage
     1 | D        | Noticed a necrophage
     1 | D        | Noticed a necrophage
     7 | D        | Killed a necrophage
     8 | D        | Reached skill level 6 in Long Blades
     8 | D        | Reached XP level 2. HP: 31/31 MP: 1/1
     8 | D        | Reached XP level 3. HP: 38/38 MP: 2/2
    11 | D        | Killed a necrophage
    12 | D        | Reached skill level 8 in Long Blades
    12 | D        | Reached XP level 4. HP: 48/48 MP: 3/3
    17 | D        | Killed a necrophage
    17 | D        | Reached ** piety under Trog
    18 | D        | Reached skill level 9 in Long Blades
    18 | D        | Reached XP level 5. HP: 46/56 MP: 4/4
    22 | D        | Reached skill level 10 in Long Blades
    22 | D        | Reached skill level 5 in Armour
    22 | D        | Reached skill level 5 in Dodging
    61 | D        | Noticed a merfolk siren
    71 | D        | Killed a merfolk siren
    72 | D        | Reached skill level 12 in Long Blades
    72 | D        | Reached XP level 6. HP: 37/68 MP: 5/5
    72 | D        | Reached XP level 7. HP: 40/74 MP: 6/6
   135 | D        | Noticed Menkaure
   141 | D        | Killed Menkaure
   141 | D        | Reached *** piety under Trog
   420 | D        | Noticed a neqoxec
   427 | D        | Killed a neqoxec
   428 | D        | Reached skill level 13 in Long Blades
   429 | D        | Noticed a neqoxec
   429 | D        | Noticed a flying skull
   429 | D        | Noticed a flying skull
   429 | D        | Noticed a flying skull
   429 | D        | Noticed a neqoxec
   429 | D        | Noticed a neqoxec
   437 | D        | Gained mutation: Potions are less effective at restoring
                  | your health. [a neqoxec]
   440 | D        | Gained mutation: You occasionally shout uncontrollably at
                  | your foes. [a neqoxec]
   441 | D        | Killed a neqoxec
   441 | D        | Reached **** piety under Trog
   452 | D        | Lost intelligence.
   455 | D        | HP: 3/78 [flying skull (12)]
   456 | D        | Mangled by a flying skull

Illustrated notes

Levels and vault maps discovered:
D:        the_violet_keep_of_menkaure [sprint2_stairs_cluster_1,
          sprint2_shoproom, sprint2_temple, sprint2_basic_supplies,
          sprint2_obstacle_1, sprint2_obstacle_4, sprint2_obstacle_7,
          sprint2_obstacle_6, sprint2_obstacle_3, sprint2_timed_cluster_1,
          sprint2_smallroom_cluster_1, sprint2_smallroom_final_cluster_1,
          sprint2_transparent_cluster_1, sprint2_second_timed_cluster_1,
          sprint2_sniper_area_1, sprint2_heavy_combat_area_1,
          sprint2_mutation_trap_area_1, sprint2_forest_area_1,
          sprint2_light_combat_area_1, sprint2_behind_water_1,
          sprint2_near_end_vault_1]

Skill      XL: |  1  2  3  4  5  6  7 |
---------------+----------------------+-----
Fighting       | 6 7 8 11 12 | 12.8
Long Blades    | 6 8 9 12 13 | 13.6
Armour         | 3 4 6 |  6.8
Dodging        | 3 4 6 7 |  7.1

Action                   |  1- 3 |  4- 6 |  7- 9 || total
-------------------------+-------+-------+-------++-------
Melee: Falchion          |     9 |    18 |    32 ||    59
       Headbutt          |       |     5 |     4 ||     9
Invok: Berserk           |     1 |     1 |     1 ||     3
       Trog's Hand       |       |       |     1 ||     1
Armor: Animal skin       |     1 |     2 |     1 ||     4
Dodge: Dodged            |     2 |     5 |    20 ||    27
